 Dungeon Crawl Stone Soup version 0.28.0 (webtiles) character file.

Game seed: 4238106435646524126

457 reversiblehash the Covered (level 6, 0/57 HPs)
             Began as a Minotaur Fighter on Feb 15, 2022.
             Slain by Sigmund (2 damage)
             ... on level 3 of the Dungeon.
             The game lasted 00:06:16 (3793 turns).

reversiblehash the Covered (Minotaur Fighter)       Turns: 3793, Time: 00:06:17

Health: 0/57       AC:  8    Str: 22    XL:     6   Next: 77%
Magic:  5/5        EV:  9    Int:  5    God:
Gold:   62         SH:  4    Dex: 10    Spells: 5/5 levels left

rFire   . . .      SeeInvis .   a - +0 war axe
rCold   . . .      Faith    .   c - +0 buckler
rNeg    . . .      Spirit   .   b - +0 scale mail
rPois   .          Reflect  .   (helmet restricted)
rElec   .          Harm     .   (no cloak)
rCorr   .          Rampage  .   (no gloves)
Will    .....                   (no boots)
Stlth   ..........              (no amulet)
HPRegen 0.19/turn               (no ring)
MPRegen 0.09/turn               (no ring)

@: no status effects
A: horns 2, retaliatory headbutt
a: no special abilities


You were on level 3 of the Dungeon.
You visited 1 branch of the dungeon, and saw 3 of its levels.
You also visited: Sewer.

You collected 172 gold pieces.
You spent 110 gold pieces at shops.

Inventory:

Hand Weapons
 a - a +0 war axe (weapon)
Missiles
 n - 26 poisoned darts (quivered)
Armour
 b - a +0 scale mail (worn)
 c - a +0 buckler (worn)
Wands
 m - a wand of polymorph (4)
Scrolls
 g - 3 scrolls of teleportation
 h - a scroll of blinking
 k - a scroll of silence
 o - a scroll of vulnerability
 p - a scroll of fear
 q - a scroll of fog
Potions
 d - 2 potions of might
 e - a potion of magic
 f - a potion of degeneration {unknown}
 j - 2 potions of lignification {unknown}
 l - 2 potions of curing {unknown}
 r - a potion of cancellation {unknown}


   Skills:
 * Level 5.9 Fighting
 - Level 2.5 Axes
 * Level 7.3 Armour
 + Level 4.7 Shields


You had 5 spell levels left.
You didn't know any spells.
Your spell library contained the following spells:

 Spells                   Type           Power      Damage    Failure   Level
 Sting                    Tmut/Pois      0%         1d3       86%         1
 Poisonous Vapours        Pois/Air       0%         N/A       94%         2
 Olgreb's Toxic Radiance  Pois           0%         N/A       100%        4


Dungeon Overview and Level Annotations

Branches:
Dungeon (3/15)              Sewer (visited)

Altars:
Elyvilon

Shops:
D:3 ?

Annotations:
D:3 Sigmund


Innate Abilities, Weirdness & Mutations

You have a pair of horns on your head.
You reflexively headbutt those who attack you in melee.


Message History

You hear some strange, mumbled words.
A puff of flame appears from out of thin air!
The puff of flame hits you.
* * * LOW HITPOINT WARNING * * *
You hit something but do no damage.
You hear some strange, mumbled words.
You are confused.
You hear some strange, mumbled words.
Something tries to affect you, but you resist.
Something hits you.
* * * LOW HITPOINT WARNING * * *
Something hits you but does no damage.
You're too confused to move!
You completely miss something.
You hear some strange, mumbled words.
A magic dart appears from out of thin air!
The magic dart hits you but does no damage.
Something hits you but does no damage.
You feel less confused. Something hits you.
* * * LOW HITPOINT WARNING * * *
Found a stone staircase leading down.
Something hits you.
* * * LOW HITPOINT WARNING * * *
Something hits you but does no damage. You block something's attack.
You see here a scroll of identify.
Something hits you but does no damage. Something hits you.
* * * LOW HITPOINT WARNING * * *
You closely miss something. Your headbutt misses something.
You hear some strange, mumbled words.
A puff of flame appears from out of thin air!
You block the puff of flame.
You barely miss something.
You hear some strange, mumbled words.
A puff of flame appears from out of thin air!
The puff of flame hits you.
* * * LOW HITPOINT WARNING * * *
You barely miss something. Something hits you.
You die...

###...................#
...........##....######
........... #....######
..>........ #..........
###........ #.†).######
# .......##+#?....... #
............#### #
#......?....# #
#.......{@..### +
#............)# #
#...........#.# #
+.........#.#... #
#.........#..#### #
###..........# #
#..........# #
#..........>.
#............


There were no monsters in sight!

Vanquished Creatures
  3 kobold brigands (Sewer)
  A hound (D:3)
  Terence (D:3)
  Jessica (D:3)
  Robin (D:2)
  6 adders
  A river rat (Sewer)
  A worm (Sewer)
  10 endoplasms
  3 giant cockroaches
  6 hobgoblins
  3 jackals (D:3)
  13 kobolds
  3 quokkas
  2 ball pythons
  12 bats
  4 frilled lizards (D:1)
  16 goblins
  9 rats
96 creatures vanquished.

Vanquished Creatures (others)
  6 plants (D:1)
6 creatures vanquished.

Grand Total: 102 creatures vanquished

Notes
Turn   | Place    | Note
-------+----------+-------------------------------------------
     0 | D:1      | reversiblehash the Minotaur Fighter began the quest for the
                  | Orb.
     0 | D:1      | Reached XP level 1. HP: 19/19 MP: 0/0
   501 | D:1      | Reached XP level 2. HP: 26/27 MP: 1/1
   550 | D:1      | Reached skill level 4 in Armour
   658 | D:1      | Found a faded altar of an unknown god.
  1242 | D:1      | Found a white marble altar of Elyvilon.
  1498 | D:2      | Reached XP level 3. HP: 34/34 MP: 2/2
  2231 | D:2      | Noticed Robin
  2240 | D:2      | Killed Robin
  2245 | D:2      | Reached XP level 4. HP: 20/41 MP: 3/3
  2292 | D:2      | Reached skill level 5 in Armour
  2558 | D:3      | Noticed Jessica
  2568 | D:3      | Killed Jessica
  2660 | D:3      | Reached skill level 5 in Fighting
  2660 | D:3      | Reached XP level 5. HP: 48/48 MP: 4/4
  2690 | D:3      | Found a glowing drain.
  2704 | Sewer    | Entered a sewer
  2719 | Sewer    | Reached skill level 6 in Armour
  3097 | Sewer    | Reached XP level 6. HP: 9/56 MP: 5/5
  3431 | Sewer    | Reached skill level 7 in Armour
  3668 | D:3      | Found Winelato's Magic Scroll Shoppe.
  3689 | D:3      | Bought a scroll of identify for 22 gold pieces
  3689 | D:3      | Bought a scroll of identify for 22 gold pieces
  3689 | D:3      | Bought a scroll of identify for 22 gold pieces
  3689 | D:3      | Bought a scroll of identify for 22 gold pieces
  3689 | D:3      | Bought a scroll of identify for 22 gold pieces
  3711 | D:3      | Noticed Terence
  3718 | D:3      | Killed Terence
  3762 | D:3      | Noticed Sigmund
  3792 | D:3      | HP: 2/57 [something/puff of flame (2)]
  3793 | D:3      | Slain by Sigmund

Illustrated notes

Levels and vault maps discovered:
D:1:      dpeg_arrival_water_altar, layout_basic,
          chequers_ecumenical_altar_lobes, minmay_strange_pillars,
          hangedman_feature_mirror, chequers_big_river
D:2:      layout_loops_cross, dk_noncrumbling_2, uniq_robin
D:3:      layout_basic, serial_shops, shop_coins, portal_sewer_entry_d,
          uniq_sigmund, uniq_jessica, uniq_terence

Skill      XL: |  1  2  3  4  5  6 |
---------------+-------------------+-----
Fighting       | 4 5 |  5.9
Armour         | 4 5 6 7 |  7.3
Shields        | 4 |  4.7
Axes           | |  2.5

Action                   |  1- 3 |  4- 6 || total
-------------------------+-------+-------++-------
Melee: War axe           |   103 |   140 ||   243
       Headbutt          |    16 |    16 ||    32
  Use: Scroll            |       |     8 ||     8
Armor: Scale mail        |    53 |    61 ||   114
Dodge: Dodged            |    50 |    56 ||   106
Block: Buckler           |    17 |    41 ||    58
